 Dungeon Crawl Stone Soup version 0.29-a0-925-g0a7a3d12f8 (webtiles) character file.

Game seed: 16213113791122159547

1368 leavemydog the Cleaver (level 8, -3/70 HPs)
             Began as a Hill Orc Fighter on July 28, 2022.
             Was a Believer of Elyvilon.
             Slain by a wyvern (8 damage)
             ... on level 7 of the Dungeon.
             The game lasted 00:11:22 (8033 turns).

leavemydog the Cleaver (Hill Orc Fighter)           Turns: 8033, Time: 00:11:22

Health: -3/70      AC: 13    Str: 21      XL:     8   Next: 65%
Magic:  8/8        EV:  9    Int:  8      God:    Elyvilon [**....]
Gold:   220        SH:  4    Dex:  7 (8)  Spells: 7/7 levels left

rFire   . . .      SeeInvis .   a - +0 war axe
rCold   . . .      Faith    .   c - +0 buckler
rNeg    . . .      Spirit   .   b - +0 scale mail
rPois   .          Reflect  .   (no helmet)
rElec   .          Harm     .   k - +0 cloak
rCorr   .          Rampage  .   (no gloves)
Will    +....                   (no boots)
Stlth   ..........              (no amulet)
HPRegen 0.21/turn               p - +4 ring of protection
MPRegen 0.11/turn               (no ring)

@: no status effects
A: clumsy 1, deterioration 1, strong-willed 1
a: Renounce Religion, Purification, Heal Other


You were on level 7 of the Dungeon.
You worshipped Elyvilon.
Elyvilon was pleased with you.
You visited 2 branches of the dungeon, and saw 8 of its levels.

You collected 310 gold pieces.
You spent 90 gold pieces at shops.

Inventory:

Hand Weapons
 a - a +0 war axe (weapon)
 m - a +2 hammer of protection
Missiles
 u - 2 throwing nets (quivered)
Armour
 b - a +0 scale mail (worn)
 c - a +0 buckler (worn)
 k - a +0 cloak (worn)
Jewellery
 p - a +4 ring of protection (left hand)
Wands
 d - a wand of paralysis (8)
Scrolls
 e - a scroll of blinking
 f - 2 scrolls of poison
 i - a scroll of teleportation
 j - 2 scrolls of fear {unknown}
 l - a scroll of silence {unknown}
 o - a scroll of magic mapping {unknown}
 q - a scroll of summoning {unknown}
 r - 2 scrolls of butterflies {unknown}
 t - a scroll of brand weapon {unknown}
 x - a scroll of noise {unknown}
 y - a scroll of amnesia {unknown}
 z - a scroll of vulnerability {unknown}
Potions
 g - 2 potions of flight
 h - a potion of haste {unknown}
 n - a potion of brilliance
 s - 2 potions of resistance
 v - a potion of cancellation
 w - a potion of magic


   Skills:
 + Level 6.1 Fighting
 * Level 9.9(10.0) Axes
 - Level 1.6(5.4) Maces & Flails
 + Level 6.3 Armour
 + Level 4.5 Shields


You had 7 spell levels left.
You didn't know any spells.
Your spell library contained the following spells:

 Spells                   Type           Power      Damage    Failure   Level
 Slow                     Hex            0%         N/A       80%         1
 Blink                    Tloc           0%         N/A       91%         2
 Confusing Touch          Hex            0%         N/A       99%         3
 Lesser Beckoning         Tloc           0%         N/A       99%         3
 Vampiric Draining        Necr           0%         2d6       99%         3
 Manifold Assault         Tloc           0%         N/A       100%        5
 Yara's Violent Unravell  Hex/Tmut       0%         3d3       100%        5
 Enfeeble                 Hex            0%         N/A       100%        7


Dungeon Overview and Level Annotations

Branches:
Dungeon (7/15)             Temple (1/1) D:4

Altars:
Ashenzari
Cheibriados
Dithmenos
Elyvilon
Fedhas
Gozag
Kikubaaqudgha
Makhleb
Nemelex Xobeh
Okawaru
Ru
Sif Muna
Trog
Uskayaw
Vehumet
Xom
Yredelemnul
Zin
The Shining One

Shops:
D:5 ?


Innate Abilities, Weirdness & Mutations

You are clumsy. (Dex -2)
Your body sometimes deteriorates upon taking damage.
You are strong-willed. (Will+)


Message History

The wyvern is lightly wounded.
The wyvern completely misses you.
You closely miss the wyvern.
The wyvern is lightly wounded.
You block the wyvern's attack. The wyvern bites you!
You are too injured to fight recklessly!
You are too injured to fight recklessly!
You hit the wyvern but do no damage.
The wyvern is lightly wounded.
The wyvern bites you!
* * * LOW HITPOINT WARNING * * *
Your body deteriorates!
You feel clumsy.
You completely miss the wyvern.
The wyvern is lightly wounded.
The wyvern bites you.
* * * LOW HITPOINT WARNING * * *
The wyvern bites you.
* * * LOW HITPOINT WARNING * * *
You slash the wyvern!
The wyvern is heavily wounded.
The wyvern bites you! Elyvilon protects you from harm!
You hit the wyvern but do no damage.
The wyvern is heavily wounded.
The wyvern bites you but does no damage.
You block the wyvern's attack.
You closely miss the wyvern.
The wyvern is heavily wounded.
The wyvern closely misses you.
You slash the wyvern!
The wyvern is severely wounded.
The wyvern completely misses you. The wyvern barely misses you.
You hit the wyvern but do no damage.
The wyvern is severely wounded.
The wyvern bites you but does no damage.
You hit the wyvern.
The wyvern is severely wounded.
The wyvern bites you but does no damage.
The wyvern bites you!
You die...

# ###### ....
...........
..........
.......... #
......... #
......... . ##
##........ .
##.# #..l......
.
#...##.@.......
.
##...#.†##......
. #....#..#
..... .
#...<#.## #... .
#..# .. . ##.##
. . #..# . ##.##
#..#


You could see a wyvern.

Vanquished Creatures
  A water moccasin (D:6)
  A sky beast (D:7)
  An ice beast (D:5)
  2 black bears
  2 ogres (D:5)
  2 phantoms
  2 scorpions
  2 hounds
  2 orc priests
  2 jellies
  Crazy Yiuf (D:2)
  An orc wizard (D:4)
  3 gnolls (D:6)
  8 adders
  A white imp (D:7)
  2 ufetubi
  4 worms
  3 dart slugs
  13 orcs
  8 ball pythons
  10 endoplasms
  3 giant cockroaches
  7 goblins
  9 hobgoblins
  7 jackals
  4 quokkas
  5 bats
  5 frilled lizards
  8 kobolds
  7 rats
126 creatures vanquished.

Notes
Turn   | Place    | Note
-------+----------+-------------------------------------------
     0 | D:1      | leavemydog the Hill Orc Fighter began the quest for the
                  | Orb.
     0 | D:1      | Reached XP level 1. HP: 19/19 MP: 1/1
   337 | D:1      | Reached XP level 2. HP: 27/27 MP: 2/2
   342 | D:1      | Reached skill level 3 in Axes
   475 | D:1      | Found a faded altar of an unknown god.
   956 | D:2      | Reached XP level 3. HP: 28/33 MP: 3/3
  1420 | D:2      | Reached skill level 4 in Axes
  2167 | D:2      | Reached XP level 4. HP: 39/40 MP: 4/4
  2343 | D:2      | Found a runed translucent door.
  2344 | D:2      | Noticed Crazy Yiuf
  2634 | D:2      | Gained mutation: You are clumsy. (Dex -2) [potion of
                  | mutation]
  2634 | D:2      | Gained mutation: Your body sometimes deteriorates upon
                  | taking damage. [potion of mutation]
  2634 | D:2      | Gained mutation: You are strong-willed. (Will+) [potion of
                  | mutation]
  2639 | D:2      | Killed Crazy Yiuf
  2914 | D:3      | Reached skill level 5 in Axes
  2985 | D:3      | Reached XP level 5. HP: 46/46 MP: 5/5
  3032 | D:3      | Found an opulent altar of Gozag.
  3033 | D:3      | Found a blossoming altar of Fedhas.
  3667 | D:3      | Reached skill level 1 in Maces & Flails
  3705 | D:4      | Reached XP level 6. HP: 25/53 MP: 6/6
  3876 | D:4      | Found a burning altar of Makhleb.
  4150 | D:4      | Noticed a black bear
  4159 | D:4      | Killed a black bear
  4160 | D:4      | Reached skill level 6 in Axes
  4498 | D:4      | Found a staircase to the Ecumenical Temple.
  4609 | Temple   | Entered the Ecumenical Temple
  4694 | Temple   | Became a worshipper of Elyvilon the Healer
  4891 | D:5      | Entered Level 5 of the Dungeon
  4907 | D:5      | Reached skill level 5 in Fighting
  4907 | D:5      | Reached skill level 7 in Axes
  4907 | D:5      | Reached skill level 5 in Armour
  4907 | D:5      | Reached XP level 7. HP: 61/61 MP: 7/7
  5599 | D:5      | Reached * piety under Elyvilon
  5613 | D:5      | Found Bumnuni's Magic Scroll Emporium.
  5629 | D:5      | Reached skill level 8 in Axes
  5690 | D:5      | Bought a scroll of identify for 30 gold pieces
  5690 | D:5      | Bought a scroll of identify for 30 gold pieces
  5690 | D:5      | Bought a scroll of identify for 30 gold pieces
  5995 | D:6      | Reached skill level 9 in Axes
  5995 | D:6      | Reached XP level 8. HP: 51/69 MP: 8/8
  7314 | D:6      | Reached ** piety under Elyvilon
  8016 | D:7      | Noticed a wyvern
  8028 | D:7      | Elyvilon protects you from harm!
  8033 | D:7      | Slain by a wyvern

Illustrated notes

Levels and vault maps discovered:
D:1:      minmay_arrival_up_and_down, layout_loops_corners,
          hellmonk_ecumenical_altar_run_dry
D:2:      layout_loops_ring, uniq_crazy_yiuf_cottage
D:3:      minmay_inner_zag, layout_basic, nicolae_overflow_squiral
D:4:      layout_cave_pools, makhleb_heckhound_becter, temple_green,
          kennysheep_opposing_triangles
D:5:      layout_loops_ring, serial_shops, shop, st_stairs_2
D:6:      layout_cave_pods
D:7:      layout_cave_pods, nicolae_hepliaklqana_ecumenical_no_more,
          nicolae_qazlal_style_of_elements
Temple:   nicolae_temple_x_marks_the_god

Skill      XL: |  1  2  3  4  5  6  7  8 |
---------------+-------------------------+-----
Axes           | 3 4 5 7 9 |  9.9
Fighting       | 4 5 6 |  6.1
Armour         | 4 5 6 |  6.3
Maces & Flails | 1 |  1.6
Shields        | 4 |  4.5

Action                   |  1- 3 |  4- 6 |  7- 9 || total
-------------------------+-------+-------+-------++-------
Melee: War axe           |   125 |   100 |   138 ||   363
       Mace              |       |    60 |    71 ||   131
  Use: Potion            |     3 |     2 |     3 ||     8
       Scroll            |       |     1 |     9 ||    10
Armor: Scale mail        |    68 |    90 |   131 ||   289
       Skin              |    15 |       |       ||    15
Dodge: Dodged            |    69 |    76 |   102 ||   247
Block: Buckler           |    31 |    31 |    49 ||   111

Table legend: (Time is in decaauts)
 A = Elapsed time spent in this place.
 B = Non-inter-level travel time spent in this place.
 C = Inter-level travel time spent in this place.
 D = Time resting spent in this place.
 E = Time spent auto-exploring this place.
 F = Levels seen in this place.
 G = Mean time per level.
                   A        B        C        D        E       F      G
               +--------+--------+--------+--------+--------+-----+--------+
         Total |   8151 |   7831 |    320 |   2113 |   4547 |   8 | 1018.9 |
       Dungeon |   8058 |   7773 |    285 |   2113 |   4501 |   7 | 1151.1 |
        Temple |     93 |     58 |     35 |      0 |     46 |   1 |   93.0 |
               +--------+--------+--------+--------+--------+-----+--------+

Top non-repeatable levels by time:
     D:2: 1898 daAuts
     D:4: 1379 daAuts
     D:6: 1365 daAuts
     D:5: 1334 daAuts
     D:1: 951 daAuts
     D:3: 892 daAuts
     D:7: 236 daAuts
  Temple: 93 daAuts
